Construct Section Command Post
Construct Field Infirmary
Construct Platoon Command Post
6-pounder Anti-tank Gun Team
Construct Company Command Post
Unlock Bishop Self-propelled Artillery
Selects Canadian Shock Battlegroup
Selects Incendiary Munitions
Bishop Self-propelled Artillery
Selects Offensive Resupply
Selects Canadian Shock Section
6-pounder Anti-tank Gun Team
Bishop Self-propelled Artillery
Selects Churchill Crocodile Heavy Tank
Churchill Crocodile Heavy Tank